 Dungeon Crawl Stone Soup version 0.20-a0-1062-g7b787ac (webtiles) character file.

1806 varam the Slicer (level 9, 56/57 HPs)
             Began as a Halfling Hunter on Apr 27, 2017.
             Was a Believer of Okawaru.
             Quit the game on level 7 of the Dungeon.
             The game lasted 00:32:28 (6819 turns).

varam the Slicer (Halfling Hunter)                  Turns: 6819, Time: 00:32:30

Health: 56/57      AC:  5    Str: 13    XL:     9   Next: 31%
Magic:  9/9        EV: 20    Int:  9    God:    Okawaru [**....]
Gold:   360        SH:  0    Dex: 18    Spells: 8/8 levels left

rFire    . . .     SeeInvis .   a - +2 dagger (distort)
rCold    . . .     Gourm    .   (shield restricted)
rNeg     + . .     Faith    .   E - +2 leather armour {rPois}
rPois    +         Spirit   .   (no helmet)
rElec    .         Reflect  .   (no cloak)
rCorr    .         Harm     .   (no gloves)
MR       .....                  (no boots)
Stlth    +++.......             (no amulet)
Regen    0.2/turn               y - ring of positive energy
MPRegen  0.2/turn               (no ring)

@: drained
A: mutation resistance 1
a: Heroism, Renounce Religion


You were on level 7 of the Dungeon.
You worshipped Okawaru.
Okawaru was pleased with you.
You were not hungry.

You visited 2 branches of the dungeon, and saw 8 of its levels.

You collected 360 gold pieces.

Inventory:

Hand Weapons
 a - a +2 dagger of distortion (weapon)
 w - a +1 hunting sling
Missiles
 d - 26 sling bullets
 m - 136 stones (quivered)
 u - 27 poisoned needles
 C - a throwing net
Armour
 c - a +0 leather armour
 A - a +0 robe of cold resistance
 E - a +2 leather armour of poison resistance (worn)
Jewellery
 y - a ring of positive energy (left hand)
Wands
 B - a wand of flame (28/48)
Scrolls
 b - 3 scrolls of teleportation
 h - 2 scrolls of remove curse
 o - a scroll of random uselessness {unknown}
 p - 3 scrolls of immolation
 q - a scroll of fear {unknown}
 s - a scroll of fog {unknown}
 t - 2 scrolls of amnesia {unknown}
 z - a scroll of recharging {unknown}
 D - a scroll of blinking {unknown}
 G - a scroll of identify
Potions
 e - a potion of heal wounds
 i - 2 potions of might {unknown}
 l - 2 potions of brilliance
 n - a potion of invisibility
 r - 4 potions of curing
 v - 3 potions of flight
 x - a potion of haste {unknown}
Comestibles
 f - 2 bread rations
 g - 13 chunks of flesh
 j - 4 fruits
 k - 3 royal jellies


   Skills:
 + Level 3.6(3.4) Fighting
 - Level 8.1(7.9) Short Blades
 - Level 7.3(7.2) Slings
 - Level 8.0(7.8) Dodging
 + Level 4.2(4.1) Stealth


You had 8 spell levels left.
You didn't know any spells.

Dungeon Overview and Level Annotations

Branches:
Dungeon (7/15)             Temple (1/1) D:4

Altars:
Ashenzari
Cheibriados
Fedhas
Gozag
Kikubaaqudgha
Makhleb
Nemelex Xobeh
Okawaru
Qazlal
Ru
Sif Muna
Uskayaw
Xom
Yredelemnul
Zin
The Shining One

Shops:
D:6 *


Innate Abilities, Weirdness & Mutations

You are small and have problems with some larger weapons.
You are somewhat resistant to further mutation.


Message History

Throwing (i - inventory. (,) - cycle):
m - 138 stones (quivered)
Press: ? - help, Shift-Dir - straight line, f - you
Okay, then.
A wight comes into view. It is wielding an enchanted hand axe.
Throwing (i - inventory. (,) - cycle):
m - 138 stones (quivered)
Press: ? - help, Shift-Dir - straight line, f/p - wight
Aim: a wight, wielding a battleaxe and wearing a robe You throw a stone.
The stone barely misses the wight.
The wight moves out of view.
Throwing (i - inventory. (,) - cycle):
m - 137 stones (quivered)
Press: ? - help, Shift-Dir - straight line, f/p - wight
Aim: a wight, wielding a battleaxe and wearing a robe You throw a stone.
The stone closely misses the wight.
The wight hits you with an enchanted hand axe.
You partially resist.
You feel drained.
Things that are here:
a rapier; a ring mail; a club You see here a hand axe.
There is an opulent altar of Gozag here.
Are you sure you want to abandon this character and quit the game? (Confirm with "yes".)

#### #### #).. .. #.##
####.#.####### #####... ## #...
#..#....#####......#
.########.#####.#........#.####[#
..........z)zzz_@..........>....)
.###.......####.#####.##.#.####.#
(###.#.......#..# #.##.#.###..#
('.#.........#.## #.#......#.##
(#.#.........#. #.####.#.#.##
.#z#.......###. #........#...
..((.......# #' ######...####
##((#....... .. #...# #
##(#....... .. #...####


You could see 4 wights.

Vanquished Creatures
  A hippogriff (D:6)
  Sigmund (D:5)
  A water moccasin (D:7)
  4 ogres
  2 bullfrogs (D:6)
  Blork the orc (D:7)
  A water moccasin zombie (D:4)
  2 scorpions
  A wight (D:6)
  A howler monkey (D:5)
  An orc priest (D:5)
  4 orc wizards
  2 worker ants
  8 gnolls
  7 adders
  2 oozes
  An adder zombie (D:5)
  2 worms (D:3)
  2 dart slugs
  4 leopard geckos
  21 orcs
  10 bats
  9 giant cockroaches
  8 goblins
  10 hobgoblins
  4 jackals (D:4)
  7 kobolds
  4 quokkas
  5 frilled lizards
  A goblin zombie (D:7)
  A hobgoblin zombie (D:7)
  A leopard gecko zombie (D:5)
  An orc skeleton (D:7)
  A quokka zombie (D:5)
  4 rats
135 creatures vanquished.

Vanquished Creatures (others)
  An orc warrior (D:6)
  A sky beast (D:5)
  A bullfrog zombie (D:6)
  An adder (D:6)
  An orc (D:7)
  A giant cockroach (D:3)
6 creatures vanquished.

Grand Total: 141 creatures vanquished

Notes
Turn   | Place    | Note
-------+----------+-------------------------------------------
     0 | D:1      | varam the Halfling Hunter began the quest for the Orb.
     0 | D:1      | Reached XP level 1. HP: 14/14 MP: 1/1
    68 | D:1      | Reached skill level 6 in Slings
   228 | D:1      | Reached XP level 2. HP: 19/19 MP: 2/2
   754 | D:2      | Reached skill level 7 in Slings
   754 | D:2      | Reached XP level 3. HP: 24/24 MP: 3/3
  1066 | D:2      | Found a blossoming altar of Fedhas.
  1203 | D:2      | Reached skill level 1 in Short Blades
  1203 | D:2      | Reached XP level 4. HP: 21/29 MP: 4/4
  1594 | D:2      | Reached skill level 3 in Dodging
  1869 | D:2      | Reached skill level 2 in Short Blades
  1869 | D:2      | Reached XP level 5. HP: 32/34 MP: 5/5
  2521 | D:3      | Reached skill level 3 in Short Blades
  2524 | D:3      | the giant cockroach is devoured by a tear in reality.
  2541 | D:3      | Found a faded altar of an unknown god.
  2777 | D:3      | Reached skill level 4 in Dodging
  2777 | D:3      | Reached XP level 6. HP: 24/39 MP: 6/6
  2926 | D:3      | Found a hide-covered altar of Uskayaw.
  3406 | D:4      | Found a staircase to the Ecumenical Temple.
  3415 | Temple   | Entered the Ecumenical Temple
  3434 | Temple   | Became a worshipper of Warmaster Okawaru
  3539 | D:4      | Reached skill level 4 in Short Blades
  3608 | D:4      | Noticed an ogre
  3724 | D:4      | HP: 3/39 [ogre/giant club (25)]
  3729 | D:4      | Killed an ogre
  4128 | D:4      | Found a blossoming altar of Fedhas.
  4139 | D:4      | Reached skill level 5 in Short Blades
  4139 | D:4      | Reached skill level 5 in Dodging
  4139 | D:4      | Reached XP level 7. HP: 37/44 MP: 7/7
  4141 | D:4      | Found a stormy altar of Qazlal.
  4141 | D:4      | Found a shattered altar of Ashenzari.
  4237 | D:5      | Entered Level 5 of the Dungeon
  4308 | D:5      | Found a deep blue altar of Sif Muna.
  4684 | D:5      | Noticed Sigmund
  4688 | D:5      | Killed Sigmund
  4688 | D:5      | Reached skill level 6 in Short Blades
  4729 | D:5      | Reached * piety under Okawaru
  4755 | D:5      | Reached skill level 6 in Dodging
  4841 | D:5      | the sky beast is devoured by a tear in reality.
  4841 | D:5      | Reached XP level 8. HP: 47/49 MP: 8/8
  5153 | D:6      | Noticed Blork the orc
  5372 | D:5      | Reached skill level 7 in Short Blades
  5427 | D:6      | the orc warrior is devoured by a tear in reality.
  5427 | D:6      | Reached skill level 7 in Dodging
  5538 | D:6      | Noticed a hippogriff
  5564 | D:6      | Killed a hippogriff
  5959 | D:6      | the adder is devoured by a tear in reality.
  5991 | D:6      | the bullfrog zombie is devoured by a tear in reality.
  6023 | D:6      | Found Kimneal's Assorted Antiques.
  6171 | D:6      | Found a deep blue altar of Sif Muna.
  6226 | D:6      | Reached skill level 8 in Short Blades
  6241 | D:6      | Reached ** piety under Okawaru
  6241 | D:6      | Reached skill level 2 in Fighting
  6241 | D:6      | Reached XP level 9. HP: 28/54 MP: 9/9
  6411 | D:6      | Reached skill level 2 in Stealth
  6425 | D:7      | Killed Blork the orc
  6501 | D:7      | Reached skill level 8 in Dodging
  6557 | D:6      | Reached skill level 3 in Stealth
  6671 | D:7      | Found an opulent altar of Gozag.
  6701 | D:7      | Reached skill level 3 in Fighting
  6715 | D:7      | the orc is devoured by a tear in reality.
  6761 | D:7      | Reached skill level 4 in Stealth
  6819 | D:7      | Quit the game

Vault maps used:
D:1:      dpeg_arrival_fog
D:2:      kennysheep_big_flooded_room, first_bread, minmay_misc_feat_rows,
          fedhas_altar_1
D:3:      old_standard_altar, chequers_ecumenical_altar_island,
          grunt_ministairs_15
D:4:      gammafunk_temple_overflow_forgotten, minmay_temple_entry_trees
D:5:      lemuel_crystal_altar, uniq_sigmund
D:6:      serial_shops, shop, basic_altar, uniq_blork_the_orc
D:7:      lemuel_crystal_altar, the_bakery, nicolae_tso_besieged_by_evil
Temple:   eino_temple_scatter_basement

Skill      XL: |  1  2  3  4  5  6  7  8  9 |
---------------+----------------------------+-----
Slings         | 6 7 |  7.3
Short Blades   | 1 2 3 5 6 8 |  8.1
Dodging        | 3 4 5 6 7 8 |  8.0
Fighting       | 2 3 |  3.6
Stealth        | 4 |  4.2

Action                   |  1- 3 |  4- 6 |  7- 9 || total
-------------------------+-------+-------+-------++-------
Melee: Dagger            |    18 |   167 |   230 ||   415
 Fire: Hunting sling     |    63 |       |       ||    63
Throw: Stone             |       |       |    38 ||    38
       Tomahawk          |       |       |     8 ||     8
  Use: Scroll            |     1 |       |     5 ||     6
       Potion            |       |     1 |       ||     1
 Stab: Invisible         |       |     1 |       ||     1
       Sleeping          |       |     3 |     4 ||     7
       Distracted        |       |     1 |       ||     1
  Eat: Chunk             |     1 |     4 |     8 ||    13
       Bread ration      |       |     1 |       ||     1
       Fruit             |       |       |     1 ||     1
Armor: Leather armour    |     5 |    17 |    20 ||    42
Dodge: Dodged            |    33 |   151 |    98 ||   282
